Map: Whispers of Gold

Players

MyThOs - Winner!

  • Race: Zerg Zerg
  • League: Diamond
  • Spawn Location: 5:00

EightNovem

  • Race: Terran Terran
  • League: Diamond
  • Spawn Location: 9:00

VOD

Have the link to the VOD?

Description

Time

  • Played on: Jan. 15, 2025, 6:25 p.m.
  • Length: 4:55
Show
View Real Time Build Order
Export as new Build Order

MyThOs Zerg - Winner!

Build Orders: Hatch First, Zergling Baneling 

Get SALT Encoding   

  12  0:00  Drone  
  13  0:12  Overlord  
  13  0:17  Drone  
  14  0:30  Drone  
  14  0:31  Drone  
  14  0:35  Drone  
  17  0:53  Hatchery  
  17  0:55  Drone  
  17  1:10  Spawning Pool  
  16  1:13  Drone  
  16  1:18  Extractor  
  16  1:19  Drone  
  16  1:22  Drone  
  18  1:29  Drone  
  19  1:41  Overlord  
  19  1:57  Queen  
  19  2:00  Zergling x2  
  19  2:01  Zergling x2  
  23  2:05  Queen  
  23  2:07  Zergling x2  
  26  2:17  Drone x2  
  26  2:20  Metabolic Boost  
  28  2:57  Baneling Nest  
  28  2:58  Overlord  
  27  3:00  Zergling x2  
  27  3:01  Zergling x8  
  32  3:15  Zergling x2  
  32  3:16  Zergling x8  
  37  3:22  Zergling x2  
  38  3:30  Zergling x8  
  42  3:40  Zergling x4  
  44  3:49  Overlord  
  44  3:52  Baneling x6  
  44  3:53  Baneling x2  
  44  4:07  Zergling x2  
  44  4:08  Zergling x8  
  43  4:32  Drone  
  43  4:33  Drone x6, Overlord  
  48  4:42  Spine Crawler  
  45  4:47  Spine Crawler  
Show
View Real Time Build Order
Export as new Build Order

EightNovem Terran 

Build Orders: Reaper Expand 

Get SALT Encoding   

  12  0:00  SCV  
  13  0:12  SCV  
  14  0:18  Supply Depot  
  14  0:24  SCV  
  15  0:39  SCV  
  15  0:41  Barracks  
  16  0:44  Refinery  
  16  0:52  SCV  
  17  1:04  SCV  
  18  1:16  SCV  
  19  1:28  Reaper, Orbital Command  
  20  1:43  Command Center  
  20  1:51  Supply Depot  
  20  1:55  SCV  
  20  2:00  Marine  
  22  2:07  SCV  
  23  2:15  Factory  
  23  2:19  SCV  
  24  2:31  SCV  
  25  2:45  SCV  
  26  2:53  Barracks Reactor  
  26  2:55  Command Center  
  26  2:59  SCV  
  26  3:04  Orbital Command  
  27  3:15  Starport  
  27  3:20  Refinery  
  27  3:34  SCV  
  28  3:41  Barracks Tech Lab, Hellion x2  
  32  3:43  SCV  
  32  3:46  SCV  
  32  3:47  Supply Depot  
  33  3:56  SCV  
  33  3:58  SCV  
  33  4:02  Hellion x2  
  39  4:09  Bunker  
  39  4:12  Barracks Tech Lab  
  39  4:13  SCV  
  39  4:14  Orbital Command  
  34  4:23  Hellion  
  34  4:24  Hellion  
Tags
 
Add a new tag
Caveats
  • Supply blocks, unpowered buildings, or Contaminate may cause inaccurate times.
  • Supply counts are checked every 10 seconds.